 Dungeon Crawl Stone Soup version 0.29-a0-80-g3050e97935 (webtiles) character file.

Game seed: 3935143509177078172

17 Gargoyl the Skirmisher (level 2, 0/19 HPs)
             Began as a Gargoyle Abyssal Knight on Feb 4, 2022.
             Was a Follower of Lugonu.
             Slain by a gnoll (4 damage)
             ... on level 1 of the Dungeon.
             The game lasted 00:00:52 (719 turns).

Gargoyl the Skirmisher (Gargoyle Abyssal Knight)     Turns: 719, Time: 00:00:52

Health: 0/19       AC:  7    Str: 16    XL:     2   Next: 62%
Magic:  3/3        EV: 11    Int: 10    God:    Lugonu [*.....]
Gold:   27         SH:  0    Dex: 10    Spells: 1/1 levels left

rFire   . . .      SeeInvis .   a - +1 hand axe
rCold   . . .      Faith    .   (no shield)
rNeg    + . .      Spirit   .   b - +0 leather armour
rPois   ∞          Reflect  .   (no helmet)
rElec   +          Harm     .   (no cloak)
rCorr   .          Rampage  .   (no gloves)
Will    .....                   g - +0 pair of boots
Stlth   +.........              f - amulet of magic regeneration
HPRegen 0.06/turn               (no ring)
MPRegen 0.48/turn               (no ring)

@: no status effects
A: sickness immunity, AC +2, negative energy resistance 1, electricity
resistance, torment resistance 1, petrification resistance
a: Renounce Religion, Depart the Abyss


You were on level 1 of the Dungeon.
You worshipped Lugonu.
Lugonu was aware of your devotion.
You visited 1 branch of the dungeon, and saw 1 of its levels.
You visited the Abyss 1 time.

You collected 27 gold pieces.

Inventory:

Hand Weapons
 a - a +1 hand axe (weapon)
Missiles
 c - 4 poisoned darts (quivered)
Armour
 b - a +0 leather armour (worn)
 g - a +0 pair of boots (worn)
Jewellery
 f - an amulet of magic regeneration (around neck)
Scrolls
 d - a scroll of teleportation {unknown}
Potions
 e - a potion of resistance


   Skills:
 + Level 3.6 Fighting
 + Level 2.0 Axes
 + Level 2.3 Armour
 + Level 1.0 Dodging
 + Level 2.3 Invocations


You had one spell level left.
You didn't know any spells.
Your spell library was empty.

Dungeon Overview and Level Annotations

Branches:
Dungeon (1/15)

Altars:


Innate Abilities, Weirdness & Mutations

You are immune to sickness and miasma.
Your stone body is resilient. (AC +2)
You are immune to poison.
You resist negative energy. (rN+)
You are resistant to electric shocks. (rElec)
You are resistant to unholy torment.
You are immune to petrification.


Message History

You hit the giant cockroach.
The giant cockroach is almost dead.
You hit the endoplasm.
You kill the endoplasm!
Lugonu accepts your kill. The giant cockroach misses you.
The giant cockroach closely misses you.
Unknown command.
You hit the giant cockroach but do no damage.
The giant cockroach is almost dead.
The giant cockroach bites you but does no damage.
Unknown command.
You barely miss the giant cockroach.
The giant cockroach is almost dead.
The giant cockroach barely misses you. The giant cockroach bites you.
You hit the giant cockroach but do no damage.
The giant cockroach is almost dead.
The giant cockroach barely misses you.
Unknown command.
Unknown command.
You hit the giant cockroach.
You kill the giant cockroach!
Lugonu accepts your kill.
Unknown command.
Found a whip.
A gnoll comes into view. It is wielding a +0 flail.
The gnoll shouts!
A gnoll is nearby!
The gnoll barely misses you.
You hit the gnoll.
The gnoll is lightly wounded.
The gnoll closely misses you. The gnoll hits you with a +0 flail.
You hit the gnoll.
The gnoll is heavily wounded.
The gnoll hits you with a +0 flail!
* * * LOW HITPOINT WARNING * * *
Unknown command.
You hit the gnoll.
The gnoll is almost dead.
The gnoll hits you with a +0 flail.
You die...

#..............
#.........#####
#.........#
#.........#
#.........#
###.........#
#...........#
#######...#########
#.....g@..#
#.........#
#........##
#....)...#
##########


You could see a gnoll.

Vanquished Creatures
  A ball python (D:1)
  2 endoplasms (D:1)
  A giant cockroach (D:1)
  A goblin (D:1)
  3 hobgoblins (D:1)
  2 quokkas (D:1)
  A bat (D:1)
  A frilled lizard (D:1)
  2 kobolds (D:1)
  A rat (D:1)
15 creatures vanquished.

Notes
Turn   | Place    | Note
-------+----------+-------------------------------------------
     0 | Abyss:1  | Gargoyl the Gargoyle Abyssal Knight began the quest for the
                  | Orb.
     0 | Abyss:1  | Reached XP level 1. HP: 14/14 MP: 2/2
    38 | D:1      | Escaped the Abyss
   319 | D:1      | Reached * piety under Lugonu
   351 | D:1      | Reached skill level 1 in Dodging
   351 | D:1      | Reached XP level 2. HP: 19/19 MP: 3/3
   719 | D:1      | Slain by a gnoll

Illustrated notes

Levels and vault maps discovered:
D:1:      heliophobic_arrival_dark_side_of_the_moon, layout_basic

Skill      XL: |  1 |
---------------+----+-----
Axes           | 2 |  2.0
Dodging        | 1 |  1.0
Fighting       | |  3.6
Armour         | |  2.3
Invocations    | |  2.3

Action                   || total
-------------------------++-------
Melee: Hand axe          ||    50
       Punch             ||     1
Invok: Depart the Abyss  ||     1
  Use: Scroll            ||     1
Armor: Leather armour    ||    26
Dodge: Dodged            ||    38

Table legend: (Time is in decaauts)
 A = Elapsed time spent in this place.
 B = Non-inter-level travel time spent in this place.
 C = Inter-level travel time spent in this place.
 D = Time resting spent in this place.
 E = Time spent auto-exploring this place.
 F = Levels seen in this place.
 G = Mean time per level.
                   A        B        C        D        E       F      G
               +--------+--------+--------+--------+--------+-----+--------+
         Total |    728 |    728 |      0 |      0 |    567 |   2 |  364.0 |
       Dungeon |    690 |    690 |      0 |      0 |    530 |   1 |  690.0 |
         Abyss |     38 |     38 |      0 |      0 |     37 |   1 |   38.0 |
               +--------+--------+--------+--------+--------+-----+--------+

Top non-repeatable levels by time:
     D:1: 690 daAuts
 Abyss:1: 38 daAuts
